 Dungeon Crawl Stone Soup version 0.20.0 (webtiles) character file.

662 Exaltedone87 the Cutter (level 7, 0/52 HPs)
             Began as a Human Wanderer on May 25, 2017.
             Slain by a gnoll
             ... wielding a +0 flail
              (16 damage)
             ... on level 4 of the Dungeon.
             The game lasted 00:17:19 (6307 turns).

Exaltedone87 the Cutter (Human Wanderer)            Turns: 6307, Time: 00:17:20

Health: 0/52       AC:  4    Str: 14    XL:     7   Next: 87%
Magic:  7/7        EV: 13    Int: 11    God:
Gold:   220        SH:  0    Dex: 16    Spells: 6/6 levels left

rFire    + . .     SeeInvis .   n - -3 dagger (curse)
rCold    + . .     Gourm    .   (no shield)
rNeg     . . .     Faith    .   c - +1 leather armour
rPois    .         Spirit   .   (no helmet)
rElec    .         Reflect  .   d - scarf {rC+ rF+}
rCorr    .         Harm     +   (no gloves)
MR       .....                  (no boots)
Stlth    +++.......             s - amulet of harm (curse)
Regen    0.2/turn               b - +2 ring of strength
MPRegen  0.1/turn               (no ring)

@: no status effects
A: no striking features
a: no special abilities


You were on level 4 of the Dungeon.
You were not hungry.

You visited 1 branch of the dungeon, and saw 4 of its levels.

You collected 220 gold pieces.

Inventory:

Hand Weapons
 n - a cursed -3 dagger (weapon)
 p - a +1 dagger of venom
Missiles
 g - 62 bolts
 i - 57 sling bullets
 j - 21 poisoned needles
 o - 2 throwing nets (quivered)
Armour
 c - a +1 leather armour (worn)
 d - a scarf of resistance (worn)
Jewellery
 b - a +2 ring of strength (left hand)
 h - an uncursed amulet of guardian spirit
 s - a cursed amulet of harm (around neck)
Wands
 r - a wand of polymorph (7/24)
Scrolls
 e - a scroll of magic mapping
 k - 2 scrolls of teleportation
Potions
 q - a potion of ambrosia
Comestibles
 f - 2 bread rations
 l - 3 meat rations
 m - 2 fruits


   Skills:
 + Level 3.5 Fighting
 * Level 4.7 Short Blades
   Level 1.0 Bows
 + Level 3.3 Armour
 + Level 3.1 Dodging
 + Level 4.5 Stealth
 - Level 1.0 Evocations


You had 6 spell levels left.
You didn't know any spells.

Dungeon Overview and Level Annotations

Branches:
Dungeon (4/15)
 Temple: D:4-7

Altars:
Cheibriados
Dithmenos


Message History

You hit the gnoll but do no damage.
The gnoll is severely wounded.
The gnoll hits you with a club. The gnoll closely misses you.
The gnoll hits you.
You hit the gnoll but do no damage.
The gnoll is severely wounded.
The gnoll hits you with a club.
You barely miss the gnoll.
The gnoll is severely wounded.
The gnoll completely misses you. The gnoll hits you with a flail.
You hit the gnoll.
The gnoll is severely wounded.
The gnoll hits you but does no damage. The gnoll barely misses you. x2
You hit the gnoll.
The gnoll is almost dead.
The gnoll misses you. The gnoll hits you.
You hit the gnoll but do no damage.
The gnoll is almost dead.
The gnoll hits you with a flail!
You die...

......#*
##.....#####.## #..
......#
##...##..##..## ##..
>....####..#####.....#
##... ..........##
#....## ##....
..........# #.)...####
#..... ..........#
##...#....####.....
...>......###
#...######....#####
.......#.[..###gg.#
##..## #
.....#####....Og@.##
##.# ....##
###..###..## #.#
.(..## ##..# ##..##
#.# .....######..##
##..## #.#
.............# ##..##
#.## ......########
##..###..## #...###
##..##...#### ##..#
##).###...... #..# ###
##...# ###....


You could see an ogre and 3 gnolls.

Vanquished Creatures
  An ice beast (D:4)
  3 orc priests
  2 orc wizards (D:4)
  An iguana (D:4)
  Ijyb (D:4)
  A worker ant (D:3)
  A hound skeleton (D:4)
  9 gnolls
  A howler monkey skeleton (D:4)
  12 adders
  4 worms
  2 dart slugs (D:2)
  3 leopard geckos
  10 orcs
  5 giant cockroaches
  15 goblins
  6 hobgoblins
  8 jackals
  3 quokkas
  5 ball pythons
  2 bats
  7 frilled lizards
  9 kobolds
  4 rats
115 creatures vanquished.

Notes
Turn   | Place    | Note
-------+----------+-------------------------------------------
     0 | D:1      | Exaltedone87 the Human Wanderer began the quest for the Orb.
     0 | D:1      | Exaltedone87 set off with: a +2 short sword, a potion of lignification, a potion of curing, a +0 robe, a +0 dagger, a bread ration
     0 | D:1      | Reached XP level 1. HP: 15/15 MP: 1/1
    57 | D:1      | Reached XP level 2. HP: 10/21 MP: 2/2
   409 | D:1      | Reached XP level 3. HP: 23/26 MP: 3/3
  1105 | D:2      | Found a snail-covered altar of Cheibriados.
  1185 | D:2      | Reached XP level 4. HP: 32/32 MP: 4/4
  1643 | D:2      | Reached XP level 5. HP: 10/38 MP: 2/5
  2092 | D:2      | Found a shadowy altar of Dithmenos.
  2779 | D:3      | HP: 1/39 [orc priest/divine providence (10)]
  3052 | D:3      | Reached XP level 6. HP: 29/46 MP: 4/6
  4443 | D:4      | Noticed an ogre
  4473 | D:4      | Noticed an ice beast
  4498 | D:4      | Killed an ice beast
  4498 | D:4      | Reached XP level 7. HP: 11/52 MP: 7/7
  4766 | D:4      | Noticed Ijyb
  4806 | D:4      | Killed Ijyb
  6307 | D:4      | Slain by a gnoll

Skill      XL: |  1  2  3  4  5  6 |
---------------+-------------------+-----
Dodging        | 2 3 |  3.1
Armour         | 2 3 |  3.3
Fighting       | 2 3 |  3.5
Short Blades   | 3 4 |  4.7
Stealth        | 4 |  4.5
Bows           | |  1.0
Evocations     | |  1.0

Action                   |  1- 3 |  4- 6 |  7- 9 || total
-------------------------+-------+-------+-------++-------
Melee: Short sword       |   101 |    65 |       ||   166
       Dagger            |       |   129 |   254 ||   383
  Use: Potion            |     1 |     2 |     1 ||     4
       Scroll            |       |     5 |     3 ||     8
 Stab: Sleeping          |     3 |     3 |       ||     6
  Eat: Chunk             |     1 |     6 |     3 ||    10
       Bread ration      |       |     1 |     1 ||     2
Armor: Robe              |    12 |     9 |       ||    21
       Leather armour    |       |    12 |    49 ||    61
       Skin              |       |       |     4 ||     4
Dodge: Dodged            |    50 |   119 |   160 ||   329
